 Dungeon Crawl Stone Soup version 0.18.1-47-g9310371 (webtiles) character file.

110 Ery the Skirmisher (level 4, -5/41 HPs)
             Began as a Minotaur Berserker on June 23, 2016.
             Was a Priest of Trog.
             Slain by an orc priest
             ... wielding a +0 war axe
              (11 damage)
             ... on level 3 of the Dungeon.
             The game lasted 00:02:23 (1870 turns).

Ery the Skirmisher (Minotaur Berserker)             Turns: 1870, Time: 00:02:26

Health: -5/41      AC:  2    Str: 21    XL:     4   Next: 61%
Magic:  3/3        EV: 13    Int:  4    God:    Trog [***...]
Gold:   129        SH:  0    Dex: 11    Spells: 0 memorised, 3 levels left

rFire  . . .     SeeInvis .     a - +0 hand axe
rCold  . . .     Gourm    .     b - +0 animal skin
rNeg   . . .     Faith    .     (no shield)
rPois  .         Spirit   .     (helmet restricted)
rElec  .         Dismiss  .     (no cloak)
rCorr  .         Reflect  .     (no gloves)
SustAt .         Harm     .     (no boots)
MR     .....                    l - amulet of regeneration
Stlth  +.........               (no ring)
                                (no ring)

@: starving, not resistant to hostile enchantments, very unstealthy
A: retaliatory headbutt, horns 2
a: Berserk, Trog's Hand, Burn Spellbooks, Renounce Religion


You were on level 3 of the Dungeon.
You worshipped Trog.
Trog was most pleased with you.
You were starving.

You visited 1 branch of the dungeon, and saw 3 of its levels.

You collected 129 gold pieces.

Inventory:

Hand Weapons
 a - a +0 hand axe (weapon)
Armour
 b - a +0 animal skin (worn)
Jewellery
 l - an amulet of regeneration (around neck)
Wands
 s - a wand of iceblast (5/15)
Scrolls
 d - 3 scrolls of teleportation {unknown}
 f - 2 scrolls of amnesia {unknown}
 h - a scroll of recharging {unknown}
 k - 2 scrolls of identify {unknown}
 n - a scroll of remove curse {unknown}
 o - a scroll of magic mapping {unknown}
 p - a scroll of blinking {unknown}
 q - a scroll of fear {unknown}
Potions
 e - a potion of heal wounds {unknown}
 g - a potion of cancellation {unknown}
 m - 2 potions of ambrosia {unknown}
Comestibles
 c - 3 bread rations
 i - a slice of pizza
 j - 3 fruits
 r - a beef jerky


   Skills:
 + Level 4.8 Fighting
 + Level 4.4 Axes
 + Level 2.5 Armour
 + Level 3.5 Dodging
 + Level 0.6 Stealth


You had 3 spell levels left.
You didn't know any spells.

Dungeon Overview and Level Annotations

Branches:
Dungeon (3/15)

Altars:


Innate Abilities, Weirdness & Mutations

You reflexively headbutt those who attack you in melee.
You have a pair of horns on your head.


Message History

Beogh smites you!
The orc priest calls upon Beogh to heal the orc.
The orc's wounds heal themselves!
The orc misses you.
You barely miss the orc. The orc barely misses you.
The orc priest hits you with a mace.
An orc comes into view. It is wielding a flail.
The orc priest hits you with a war axe!
* * * LOW HITPOINT WARNING * * *
The orc priest hits you with a mace.
* * * LOW HITPOINT WARNING * * *
An orc comes into view.
The orc shouts!
You hit the orc priest but do no damage.
You headbutt the orc priest.
The orc priest is moderately wounded.
You hit the orc priest.
The orc priest is lightly wounded.
You hit the orc but do no damage. The orc barely misses you.
The orc priest hits you with a war axe!
You die...

#.# #.# ####.#
.....######
###.......####
#.#####....#
#.# #.##.###
..#
#....>.####.#
#..#
#.##...o@oo.#
#.>#
#......o.o..#
#...
....#####.###.#
#.. ....# #.#
.. .##.# #.#
#.# #># # #.#
#.#


You could see 2 orc priests and 3 orcs.

Vanquished Creatures
  4 adders
  2 oozes (D:1)
  A worm (D:3)
  2 dart slugs (D:1)
  An orc (D:3)
  A ball python (D:2)
  8 bats
  4 giant cockroaches
  7 goblins
  6 hobgoblins
  3 jackals (D:3)
  A quokka (D:3)
  5 giant newts (D:1)
  2 kobolds (D:1)
  13 rats
60 creatures vanquished.

Notes
Turn   | Place    | Note
--------------------------------------------------------------
     0 | D:1      | Ery the Minotaur Berserker began the quest for the Orb.
     0 | D:1      | Reached XP level 1. HP: 19/19 MP: 0/0
    99 | D:1      | Reached XP level 2. HP: 27/27 MP: 1/1
   480 | D:1      | Reached ** piety under Trog
   482 | D:1      | Reached XP level 3. HP: 15/33 MP: 2/2
  1172 | D:2      | Reached XP level 4. HP: 41/41 MP: 3/3
  1726 | D:3      | Reached *** piety under Trog
  1870 | D:3      | Slain by an orc priest

Skill      XL: |  1  2  3 |
---------------+----------+-----
Axes           | 4 |  4.4
Fighting       | 4 |  4.8
Dodging        | 3 |  3.5
Armour         | |  2.5
Stealth        | |  0.6

Action                   |  1- 3 |  4- 6 || total
-------------------------+-------+-------++-------
Melee: Hand axe          |    73 |    34 ||   107
       Headbutt          |    10 |     9 ||    19
Invok: Berserk           |     1 |       ||     1
 Stab: Sleeping          |     1 |     1 ||     2
  Eat: Chunk             |     1 |       ||     1
       Fruit             |       |     1 ||     1
Armor: Animal skin       |    14 |     1 ||    15
Dodge: Dodged            |    54 |    15 ||    69
